[ AOE2 MATCH · #481344779 ]
UnrankedJapanese vs Malians
[ REPLAY ANALYSIS · EXTRACTED FROM THE RECORDED GAME ]
Feudal
16:52
Castle
26:01
Imperial
51:38
| APM avg | 33.8 |
| APM peak | 71 |
| eAPM avg | 19.9 |
| Villagers / military | 108 / 192 |
Focus
⚔️ 32.6% · 🌾 67.4%
Samurai ×99 · Archer ×28 · Skirmisher ×27 · Fishing Ship ×24 · Militia ×15 · Spearman ×6
Feudal
13:28
Castle
17:53
Imperial
47:06
| APM avg | 23.4 |
| APM peak | 53 |
| eAPM avg | 14.4 |
| Villagers / military | 146 / 130 |
Focus
⚔️ 31.6% · 🌾 68.4%
Gbeto ×88 · Knight ×18 · Scout Cavalry ×10 · Trebuchet (Packed) ×7 · Fishing Ship ×6 · Mangonel ×5
Feudal
12:39
Castle
16:24
Imperial
41:21
| APM avg | 32.4 |
| APM peak | 59 |
| eAPM avg | 23.4 |
| Villagers / military | 189 / 272 |
Focus
⚔️ 33.0% · 🌾 67.0%
Knight ×93 · Scout Cavalry ×69 · Ballista Elephant ×54 · Battle Elephant ×44 · Fishing Ship ×10 · Trebuchet (Packed) ×7
Feudal
13:22
Castle
17:46
Imperial
45:52
| APM avg | 18.1 |
| APM peak | 52 |
| eAPM avg | 12.6 |
| Villagers / military | 120 / 394 |
Focus
⚔️ 47.2% · 🌾 52.8%
Spearman ×299 · Archer ×68 · Rattan Archer ×8 · Trebuchet (Packed) ×8 · Battering Ram ×7 · Fishing Ship ×6
Match map
Initial resources + every placement click. Lines = walls · curves = elevation contours. ◆ gold · ⬟ stone · ● berries · ✦ relic · ◌ wall gap
Your base· Open — 3t gap
SlightlySaltedCamelCrisps's base· Open — 7t gap
存在即合理's base· Open — 10t gap
jimima's base· Open — unwalled flank
Smoothed initial terrain · ◌ = detected wall gap · hover for details
Inputs per minute
— 阿家 - - SlightlySaltedCamelCrisps
Build order — 阿家
First 150 of 519 actions detected
| 0:23 | Build | Town Center |
| 0:41 | Build | Dock |
| 0:43 | Build | House |
| 2:39 | Create | Villager (Male) |
| 2:39 | Create | Villager (Male) |
| 2:39 | Create | Villager (Male) |
| 2:40 | Create | Villager (Male) |
| 2:40 | Create | Villager (Male) |
| 3:40 | Create | Fishing Ship |
| 4:06 | Create | Villager (Male) |
| 4:07 | Create | Villager (Male) |
| 4:37 | Create | Fishing Ship |
| 4:37 | Create | Fishing Ship |
| 4:53 | Build | Outpost |
| 5:31 | Create | Fishing Ship |
| 5:31 | Create | Fishing Ship |
| 5:37 | Build | House |
| 5:52 | Create | Villager (Male) |
| 6:16 | Build | House |
| 6:18 | Create | Villager (Male) |
| 6:18 | Create | Villager (Male) |
| 6:38 | Build | Palisade Wall |
| 6:39 | Build | Palisade Wall |
| 6:42 | Build | Palisade Wall |
| 6:48 | Create | Villager (Male) |
| 6:48 | Create | Villager (Male) |
| 6:58 | Create | Fishing Ship |
| 7:17 | Research | Loom |
| 7:33 | Build | Outpost |
| 7:34 | Create | Villager (Male) |
| 7:35 | Create | Villager (Male) |
| 7:56 | Create | Villager (Male) |
| 7:57 | Create | Villager (Male) |
| 8:01 | Create | Villager (Male) |
| 8:01 | Create | Villager (Male) |
| 8:04 | Create | Villager (Male) |
| 8:11 | Build | Mining Camp |
| 8:18 | Build | Mining Camp |
| 8:28 | Build | Palisade Gate |
| 8:34 | Create | Fishing Ship |
| 8:44 | Create | Villager (Male) |
| 8:52 | Create | Villager (Male) |
| 8:58 | Build | House |
| 9:01 | Build | House |
| 9:36 | Create | Villager (Male) |
| 9:44 | Create | Fishing Ship |
| 9:44 | Create | Fishing Ship |
| 10:33 | Build | Barracks |
| 10:36 | Create | Villager (Male) |
| 11:10 | Create | Villager (Male) |
| 11:19 | Build | Palisade Wall |
| 11:20 | Build | Palisade Wall |
| 11:34 | Build | Palisade Gate |
| 11:36 | Create | Militia |
| 11:36 | Create | Militia |
| 11:36 | Create | Militia |
| 11:38 | Create | Villager (Male) |
| 11:39 | Create | Villager (Male) |
| 11:42 | Build | Lumber Camp |
| 11:46 | Create | Fishing Ship |
| 11:47 | Create | Fishing Ship |
| 11:56 | Create | Villager (Male) |
| 12:07 | Build | Mill |
| 12:11 | Build | House |
| 12:24 | Create | Militia |
| 12:24 | Create | Militia |
| 12:56 | Create | Fishing Ship |
| 13:16 | Build | Farm |
| 13:18 | Build | Farm |
| 13:24 | Build | Farm |
| 13:27 | Build | House |
| 13:36 | Build | House |
| 13:37 | Build | House |
| 14:42 | Research | Feudal Age |
| 14:42 | Research | Feudal Age |
| 15:08 | Create | Fishing Ship |
| 15:08 | Create | Fishing Ship |
| 15:26 | Build | Barracks |
| 16:22 | Create | Militia |
| 16:22 | Create | Militia |
| 16:24 | Create | Militia |
| 16:34 | Build | Farm |
| 16:35 | Create | Villager (Male) |
| 16:52 | Age | Feudal Age |
| 16:56 | Build | Blacksmith |
| 17:00 | Research | Man-at-Arms (upgrade) |
| 17:01 | Research | Arson |
| 17:27 | Build | Archery Range |
| 17:34 | Create | Militia |
| 17:35 | Create | Militia |
| 17:37 | Create | Militia |
| 17:56 | Research | Tech 906 |
| 18:51 | Create | Villager (Male) |
| 18:52 | Create | Villager (Male) |
| 18:52 | Create | Villager (Male) |
| 18:56 | Build | Farm |
| 18:57 | Build | Farm |
| 19:29 | Create | Villager (Male) |
| 19:38 | Build | House |
| 19:43 | Build | Gate |
| 19:52 | Build | Stone Wall |
| 19:58 | Build | Stone Wall |
| 20:04 | Create | Villager (Male) |
| 20:05 | Create | Villager (Male) |
| 20:54 | Build | Dock |
| 21:11 | Create | Militia |
| 21:11 | Create | Militia |
| 21:12 | Create | Militia |
| 21:13 | Create | Militia |
| 21:48 | Build | House |
| 21:50 | Build | House |
| 21:52 | Build | House |
| 21:53 | Build | House |
| 21:54 | Build | House |
| 21:54 | Build | House |
| 21:55 | Build | House |
| 22:20 | Build | House |
| 22:22 | Build | House |
| 22:33 | Build | Farm |
| 22:39 | Build | Farm |
| 23:21 | Research | Castle Age |
| 25:05 | Build | Mining Camp |
| 25:30 | Research | Double-Bit Axe |
| 25:43 | Build | House |
| 26:01 | Age | Castle Age |
| 26:19 | Create | Cavalry Archer |
| 26:19 | Create | Cavalry Archer |
| 26:19 | Create | Cavalry Archer |
| 27:09 | Build | Market |
| 27:38 | Create | Skirmisher |
| 27:38 | Create | Skirmisher |
| 27:39 | Create | Skirmisher |
| 27:55 | Build | Town Center |
| 28:14 | Create | Skirmisher |
| 28:22 | Build | Archery Range |
| 28:58 | Create | Skirmisher |
| 28:58 | Create | Skirmisher |
| 28:58 | Create | Skirmisher |
| 29:39 | Build | Castle |
| 30:44 | Create | Villager (Male) |
| 30:44 | Create | Villager (Male) |
| 30:44 | Create | Villager (Male) |
| 30:44 | Create | Villager (Male) |
| 30:45 | Create | Villager (Male) |
| 31:04 | Create | Samurai |
| 31:04 | Create | Samurai |
| 31:19 | Build | Mining Camp |
| 31:45 | Build | Dock |
| 31:50 | Create | Samurai |
| 31:50 | Create | Samurai |
Build order — SlightlySaltedCamelCrisps
First 150 of 456 actions detected
| 0:06 | Build | Town Center |
| 0:31 | Build | Dock |
| 0:33 | Build | House |
| 2:25 | Create | Villager (Male) ×4 |
| 3:01 | Create | Fishing Ship |
| 3:33 | Create | Villager (Male) |
| 4:12 | Build | House |
| 4:29 | Research | Loom |
| 5:13 | Create | Villager (Male) |
| 5:42 | Create | Villager (Male) |
| 5:42 | Create | Villager (Male) |
| 5:42 | Create | Villager (Male) |
| 5:45 | Create | Fishing Ship |
| 6:11 | Create | Villager (Male) |
| 6:29 | Create | Villager (Male) |
| 6:34 | Build | House |
| 7:07 | Create | Villager (Male) |
| 7:07 | Create | Villager (Male) |
| 7:12 | Create | Villager (Male) |
| 7:13 | Create | Fishing Ship |
| 7:28 | Create | Villager (Male) |
| 7:32 | Create | Fishing Ship |
| 8:12 | Create | Villager (Male) |
| 8:23 | Build | House |
| 8:38 | Create | Fishing Ship |
| 8:47 | Build | House |
| 9:16 | Create | Villager (Male) |
| 9:16 | Create | Villager (Male) |
| 9:36 | Build | House |
| 9:38 | Create | Fishing Ship |
| 10:00 | Create | Villager (Male) |
| 10:16 | Build | Palisade Wall |
| 10:19 | Build | Palisade Wall |
| 10:21 | Build | Palisade Wall |
| 10:23 | Build | Palisade Wall |
| 10:30 | Create | Villager (Male) |
| 10:42 | Build | Mill |
| 10:45 | Create | Villager (Male) |
| 10:50 | Build | Palisade Wall |
| 10:50 | Build | Palisade Wall |
| 10:51 | Build | Palisade Wall |
| 10:58 | Build | Palisade Wall |
| 11:00 | Build | Palisade Wall |
| 11:01 | Build | Palisade Wall |
| 11:03 | Build | Palisade Wall |
| 11:16 | Research | Feudal Age |
| 11:48 | Build | Lumber Camp |
| 12:20 | Build | House |
| 12:42 | Build | Outpost |
| 13:00 | Build | Mining Camp |
| 13:28 | Age | Feudal Age |
| 13:42 | Build | Market |
| 13:52 | Create | Villager (Male) |
| 13:52 | Create | Villager (Male) |
| 13:52 | Create | Villager (Male) |
| 13:57 | Build | Blacksmith |
| 14:20 | Build | Palisade Wall |
| 14:24 | Build | Palisade Wall |
| 14:26 | Build | Palisade Wall |
| 14:44 | Build | Blacksmith |
| 15:13 | Research | Castle Age |
| 15:22 | Build | House |
| 15:26 | Build | Palisade Wall |
| 15:30 | Build | Palisade Wall |
| 17:01 | Create | Villager (Male) |
| 17:01 | Create | Villager (Male) |
| 17:04 | Research | Double-Bit Axe |
| 17:25 | Build | Palisade Wall |
| 17:53 | Age | Castle Age |
| 18:02 | Build | Castle |
| 18:07 | Build | Palisade Wall |
| 18:27 | Build | Palisade Wall |
| 18:35 | Build | Monastery |
| 18:55 | Build | House |
| 19:15 | Create | Monk |
| 19:15 | Create | Monk |
| 19:16 | Create | Gbeto |
| 19:37 | Create | Villager (Male) |
| 19:49 | Create | Gbeto |
| 19:50 | Create | Gbeto |
| 20:19 | Create | Villager (Male) |
| 20:44 | Build | Siege Workshop |
| 20:47 | Create | Villager (Male) |
| 20:55 | Research | Horse Collar |
| 20:59 | Build | Farm |
| 21:00 | Build | Farm |
| 21:03 | Build | Farm |
| 21:06 | Build | Farm |
| 21:35 | Build | Watch Tower |
| 21:47 | Create | Mangonel |
| 21:48 | Create | Villager (Male) |
| 21:49 | Create | Villager (Male) |
| 21:51 | Create | Gbeto |
| 22:13 | Create | Villager (Male) |
| 22:21 | Build | Farm |
| 22:22 | Build | Farm |
| 22:23 | Build | Farm |
| 22:25 | Build | Farm |
| 22:28 | Build | Farm |
| 22:58 | Create | Villager (Male) |
| 22:59 | Create | Villager (Male) |
| 23:19 | Create | Villager (Male) |
| 23:19 | Create | Villager (Male) |
| 23:29 | Create | Mangonel |
| 23:47 | Build | Lumber Camp |
| 23:51 | Research | Wheelbarrow |
| 24:12 | Build | Farm |
| 24:26 | Create | Villager (Male) |
| 24:54 | Create | Mangonel |
| 25:06 | Build | Lumber Camp |
| 25:12 | Build | Farm |
| 25:16 | Build | Farm |
| 25:23 | Create | Villager (Male) |
| 25:23 | Create | Villager (Male) |
| 25:29 | Build | House |
| 26:01 | Create | Mangonel |
| 26:02 | Create | Villager (Male) |
| 26:02 | Create | Villager (Male) |
| 26:17 | Research | Bow Saw |
| 26:38 | Create | Gbeto |
| 26:38 | Create | Gbeto |
| 27:03 | Build | Town Center |
| 27:48 | Create | Gbeto |
| 27:48 | Create | Gbeto |
| 28:03 | Create | Villager (Male) |
| 28:03 | Create | Villager (Male) |
| 28:03 | Create | Villager (Male) |
| 28:16 | Build | Town Center |
| 28:26 | Create | Gbeto |
| 28:26 | Create | Gbeto |
| 28:33 | Build | Farm |
| 30:43 | Create | Villager (Male) |
| 30:44 | Create | Villager (Male) |
| 30:44 | Create | Villager (Male) |
| 30:44 | Create | Villager (Male) |
| 30:53 | Create | Villager (Male) |
| 30:53 | Create | Villager (Male) |
| 30:54 | Create | Villager (Male) |
| 30:55 | Research | Town Watch |
| 30:56 | Research | Hand Cart |
| 31:09 | Build | Farm |
| 31:15 | Build | Farm |
| 31:16 | Build | Farm |
| 31:18 | Build | Farm |
| 31:20 | Build | Farm |
| 31:29 | Create | Villager (Male) |
| 31:29 | Create | Villager (Male) |
| 31:38 | Create | Gbeto |
| 31:39 | Create | Gbeto |
| 31:39 | Create | Gbeto |
Build order — 存在即合理
First 150 of 721 actions detected
| 0:04 | Build | Town Center |
| 0:35 | Build | Dock |
| 0:37 | Build | House |
| 2:20 | Create | Villager (Male) |
| 2:21 | Create | Villager (Male) |
| 2:21 | Create | Villager (Male) |
| 2:26 | Research | Loom |
| 2:26 | Create | Villager (Male) |
| 2:27 | Create | Villager (Male) |
| 2:27 | Create | Villager (Male) |
| 3:25 | Create | Fishing Ship |
| 3:38 | Create | Villager (Male) |
| 4:08 | Build | House |
| 5:07 | Create | Villager (Male) |
| 5:07 | Create | Villager (Male) |
| 5:08 | Create | Fishing Ship |
| 5:32 | Create | Villager (Male) |
| 6:12 | Create | Villager (Male) |
| 6:13 | Create | Villager (Male) |
| 6:21 | Create | Villager (Male) |
| 6:30 | Create | Villager (Male) |
| 6:43 | Build | House |
| 7:14 | Create | Villager (Male) |
| 7:25 | Create | Villager (Male) |
| 7:29 | Create | Fishing Ship |
| 7:30 | Create | Fishing Ship |
| 7:45 | Create | Villager (Male) |
| 7:57 | Create | Villager (Male) |
| 8:08 | Build | House |
| 8:25 | Create | Villager (Male) |
| 8:40 | Create | Fishing Ship |
| 8:59 | Create | Villager (Male) |
| 9:11 | Create | Fishing Ship |
| 9:41 | Build | House |
| 9:46 | Build | Mining Camp |
| 9:50 | Create | Villager (Male) |
| 10:22 | Create | Fishing Ship |
| 10:29 | Research | Feudal Age |
| 10:41 | Create | Fishing Ship |
| 11:20 | Create | Fishing Ship |
| 11:32 | Build | House |
| 12:39 | Age | Feudal Age |
| 12:42 | Create | Villager (Male) |
| 13:21 | Build | Stable |
| 13:44 | Research | Castle Age |
| 14:11 | Build | Mill |
| 14:22 | Create | Villager (Male) |
| 14:41 | Build | House |
| 15:05 | Build | Lumber Camp |
| 15:09 | Build | House |
| 15:33 | Research | Bloodlines |
| 16:24 | Age | Castle Age |
| 16:25 | Create | Knight |
| 16:26 | Create | Knight |
| 16:26 | Create | Knight |
| 16:26 | Create | Knight |
| 16:35 | Build | Town Center |
| 16:39 | Research | Double-Bit Axe |
| 16:41 | Create | Villager (Male) |
| 16:47 | Create | Knight |
| 16:49 | Create | Villager (Male) |
| 16:58 | Create | Villager (Male) |
| 17:10 | Create | Villager (Male) |
| 17:32 | Create | Knight |
| 17:40 | Create | Villager (Male) |
| 17:59 | Build | Farm |
| 17:59 | Build | Farm |
| 17:59 | Build | Farm |
| 18:29 | Create | Villager (Male) |
| 18:35 | Create | Knight |
| 18:35 | Create | Knight |
| 18:36 | Create | Villager (Male) |
| 18:40 | Create | Villager (Male) |
| 18:47 | Build | Farm |
| 18:47 | Build | Farm |
| 18:47 | Build | Farm |
| 18:48 | Build | Farm |
| 19:06 | Create | Villager (Male) |
| 19:33 | Create | Villager (Male) |
| 19:47 | Build | Farm |
| 19:47 | Build | Farm |
| 19:47 | Build | Farm |
| 19:50 | Create | Villager (Male) |
| 20:00 | Create | Villager (Male) |
| 20:17 | Research | Town Watch |
| 20:29 | Create | Villager (Male) |
| 20:33 | Create | Villager (Male) |
| 20:34 | Build | House |
| 20:36 | Build | House |
| 20:40 | Create | Villager (Male) |
| 20:52 | Create | Knight |
| 20:53 | Create | Villager (Male) |
| 20:58 | Build | Blacksmith |
| 21:01 | Research | Gold Mining |
| 21:04 | Create | Villager (Male) |
| 21:16 | Create | Knight |
| 21:28 | Create | Knight |
| 21:35 | Create | Villager (Male) |
| 21:45 | Create | Villager (Male) |
| 21:46 | Create | Villager (Male) |
| 21:54 | Create | Fishing Ship |
| 21:54 | Create | Villager (Male) |
| 22:01 | Build | Farm |
| 22:02 | Build | Farm |
| 22:02 | Build | Farm |
| 22:02 | Build | Farm |
| 22:03 | Create | Villager (Male) |
| 22:20 | Create | Villager (Male) |
| 22:24 | Create | Knight |
| 22:35 | Create | Villager (Male) |
| 22:39 | Build | House |
| 22:40 | Build | House |
| 22:41 | Build | House |
| 22:43 | Create | Villager (Male) |
| 22:47 | Research | Wheelbarrow |
| 23:00 | Create | Knight |
| 23:01 | Create | Villager (Male) |
| 23:06 | Create | Villager (Male) |
| 23:15 | Create | Villager (Male) |
| 23:31 | Build | Town Center |
| 23:33 | Create | Villager (Male) |
| 23:34 | Create | Villager (Male) |
| 23:40 | Create | Villager (Male) |
| 23:48 | Research | Horse Collar |
| 23:48 | Create | Villager (Male) |
| 24:02 | Create | Villager (Male) |
| 24:06 | Create | Villager (Male) |
| 24:07 | Create | Villager (Male) |
| 24:10 | Create | Villager (Male) |
| 24:14 | Create | Villager (Male) |
| 24:19 | Create | Villager (Male) |
| 24:33 | Create | Villager (Male) |
| 24:48 | Build | House |
| 24:51 | Build | Market |
| 24:52 | Create | Villager (Male) |
| 25:01 | Create | Villager (Male) |
| 25:05 | Research | Husbandry |
| 25:09 | Create | Villager (Male) |
| 25:21 | Create | Villager (Male) |
| 26:17 | Build | Dock |
| 26:21 | Create | Villager (Male) |
| 26:22 | Create | Villager (Male) |
| 26:23 | Create | Villager (Male) |
| 26:31 | Create | Villager (Male) |
| 26:37 | Create | Villager (Male) |
| 26:50 | Build | Castle |
| 27:01 | Create | Knight |
| 27:02 | Create | Knight |
| 27:03 | Create | Villager (Male) |
| 27:05 | Build | House |
Build order — jimima
First 150 of 450 actions detected
| 0:34 | Build | Town Center |
| 1:16 | Build | Dock |
| 1:20 | Build | House |
| 2:49 | Create | Villager (Male) |
| 2:49 | Create | Villager (Male) |
| 2:49 | Create | Villager (Male) |
| 2:49 | Create | Villager (Male) |
| 2:50 | Create | Villager (Male) |
| 4:00 | Create | Fishing Ship |
| 4:24 | Create | Villager (Male) |
| 4:34 | Build | House |
| 4:48 | Research | Loom |
| 5:08 | Create | Fishing Ship |
| 5:45 | Create | Fishing Ship |
| 5:50 | Create | Villager (Male) |
| 6:22 | Create | Villager (Male) |
| 6:23 | Create | Villager (Male) |
| 6:23 | Create | Villager (Male) |
| 6:49 | Create | Villager (Male) |
| 6:58 | Build | House |
| 7:21 | Create | Villager (Male) |
| 7:58 | Create | Villager (Male) |
| 8:13 | Create | Villager (Male) |
| 8:29 | Build | House |
| 8:44 | Create | Villager (Male) |
| 9:12 | Create | Villager (Male) |
| 9:15 | Create | Fishing Ship |
| 9:36 | Create | Villager (Male) |
| 9:49 | Create | Villager (Male) |
| 10:04 | Create | Fishing Ship |
| 10:32 | Build | Mining Camp |
| 10:45 | Create | Villager (Male) |
| 11:12 | Research | Feudal Age |
| 11:36 | Build | Mill |
| 11:53 | Create | Villager (Male) |
| 11:54 | Create | Villager (Male) |
| 12:01 | Build | House |
| 13:08 | Build | Barracks |
| 13:22 | Age | Feudal Age |
| 13:52 | Build | Blacksmith |
| 14:08 | Create | Villager (Male) |
| 14:24 | Build | Archery Range |
| 14:35 | Build | House |
| 15:06 | Research | Castle Age |
| 15:07 | Research | Castle Age |
| 15:21 | Create | Archer |
| 15:21 | Create | Archer |
| 15:44 | Research | Gold Mining |
| 15:56 | Research | Fletching |
| 15:56 | Research | Fletching |
| 16:15 | Build | House |
| 16:25 | Create | Villager (Male) |
| 16:26 | Create | Villager (Male) |
| 16:31 | Create | Archer |
| 16:36 | Research | Padded Archer Armor |
| 16:43 | Research | Horse Collar |
| 16:58 | Build | Lumber Camp |
| 17:15 | Create | Archer |
| 17:15 | Create | Archer |
| 17:46 | Age | Castle Age |
| 18:12 | Build | Town Center |
| 18:16 | Create | Villager (Male) |
| 18:21 | Research | Bodkin Arrow |
| 18:45 | Create | Villager (Male) |
| 19:17 | Build | Town Center |
| 19:23 | Create | Villager (Male) |
| 19:46 | Create | Villager (Male) |
| 19:48 | Create | Villager (Male) |
| 19:59 | Build | Mining Camp |
| 20:26 | Create | Villager (Male) |
| 20:27 | Create | Villager (Male) |
| 20:28 | Create | Villager (Male) |
| 20:37 | Build | Siege Workshop |
| 20:41 | Research | Leather Archer Armor |
| 20:48 | Create | Archer |
| 20:48 | Create | Archer |
| 20:58 | Build | Mill |
| 21:16 | Create | Battering Ram |
| 21:16 | Create | Battering Ram |
| 21:18 | Create | Villager (Male) |
| 21:31 | Create | Villager (Male) |
| 21:31 | Create | Villager (Male) |
| 21:38 | Build | Farm |
| 21:42 | Build | Farm |
| 22:34 | Research | Forging |
| 23:02 | Build | Farm |
| 23:15 | Create | Spearman |
| 23:15 | Create | Spearman |
| 23:15 | Create | Spearman |
| 23:22 | Build | Barracks |
| 23:51 | Research | Scale Mail Armor |
| 24:17 | Create | Villager (Male) |
| 24:17 | Create | Villager (Male) |
| 24:17 | Create | Villager (Male) |
| 24:23 | Build | House |
| 24:25 | Build | House |
| 24:46 | Create | Villager (Male) |
| 24:46 | Create | Villager (Male) |
| 25:17 | Research | Pikeman (upgrade) |
| 25:22 | Build | Farm |
| 25:30 | Create | Villager (Male) |
| 25:56 | Build | House |
| 26:27 | Research | Crossbowman (upgrade) |
| 26:56 | Build | Farm |
| 27:02 | Create | Archer |
| 27:03 | Create | Archer |
| 27:06 | Create | Archer |
| 27:15 | Create | Villager (Male) |
| 27:16 | Create | Villager (Male) |
| 27:20 | Build | Farm |
| 27:28 | Create | Villager (Male) |
| 27:40 | Create | Fishing Ship |
| 28:16 | Create | Villager (Male) |
| 28:16 | Create | Villager (Male) |
| 28:16 | Create | Villager (Male) |
| 28:16 | Create | Villager (Male) |
| 28:27 | Build | Farm |
| 28:33 | Create | Archer |
| 28:33 | Create | Archer |
| 28:50 | Build | Farm |
| 29:01 | Create | Villager (Male) |
| 29:01 | Create | Villager (Male) |
| 29:01 | Create | Villager (Male) |
| 29:09 | Create | Villager (Male) |
| 29:18 | Build | Farm |
| 29:28 | Create | Spearman |
| 29:33 | Build | House |
| 29:37 | Create | Villager (Male) |
| 29:57 | Research | Iron Casting |
| 29:58 | Research | Chain Mail Armor |
| 30:09 | Build | House |
| 30:26 | Build | Castle |
| 30:28 | Create | Villager (Male) |
| 30:29 | Create | Villager (Male) |
| 30:29 | Create | Villager (Male) |
| 30:44 | Create | Villager (Male) |
| 30:48 | Build | House |
| 30:50 | Build | House |
| 30:52 | Build | House |
| 31:03 | Create | Spearman |
| 31:04 | Create | Spearman |
| 31:09 | Create | Archer |
| 31:09 | Create | Archer |
| 31:13 | Build | Farm |
| 31:34 | Research | Stone Mining |
| 31:35 | Create | Villager (Male) |
| 31:35 | Create | Villager (Male) |
| 31:35 | Create | Villager (Male) |
| 31:35 | Create | Villager (Male) |
| 31:52 | Create | Archer |
Match timeline
| 0:31 | SlightlySaltedCamelCrisps · first_building Dock |
| 0:35 | 存在即合理 · first_building Dock |
| 0:41 | 阿家 · first_building Dock |
| 1:16 | jimima · first_building Dock |
| 6:38 | 阿家 · wall_segment Palisade Wall x1 |
| 6:39 | 阿家 · wall_segment Palisade Wall x1 |
| 6:42 | 阿家 · wall_segment Palisade Wall x1 |
| 10:16 | SlightlySaltedCamelCrisps · wall_segment Palisade Wall x4 |
| 10:19 | SlightlySaltedCamelCrisps · wall_segment Palisade Wall x1 |
| 10:21 | SlightlySaltedCamelCrisps · wall_segment Palisade Wall x1 |
| 10:23 | SlightlySaltedCamelCrisps · wall_segment Palisade Wall x1 |
| 10:33 | 阿家 · first_building Barracks |
| 10:50 | SlightlySaltedCamelCrisps · wall_segment Palisade Wall x1 |
| 10:50 | SlightlySaltedCamelCrisps · wall_segment Palisade Wall x1 |
| 10:51 | SlightlySaltedCamelCrisps · wall_segment Palisade Wall x1 |
| 10:58 | SlightlySaltedCamelCrisps · wall_segment Palisade Wall x1 |
| 11:00 | SlightlySaltedCamelCrisps · wall_segment Palisade Wall x1 |
| 11:01 | SlightlySaltedCamelCrisps · wall_segment Palisade Wall x1 |
| 11:03 | SlightlySaltedCamelCrisps · wall_segment Palisade Wall x6 |
| 11:19 | 阿家 · wall_segment Palisade Wall x1 |
| 11:20 | 阿家 · wall_segment Palisade Wall x1 |
| 12:39 | 存在即合理 · age_up feudal |
| 13:08 | jimima · first_building Barracks |
| 13:21 | 存在即合理 · first_building Stable |
| 13:22 | jimima · age_up feudal |
| 13:28 | SlightlySaltedCamelCrisps · age_up feudal |
| 14:20 | SlightlySaltedCamelCrisps · wall_segment Palisade Wall x1 |
| 14:24 | jimima · first_building Archery Range |
| 14:24 | SlightlySaltedCamelCrisps · wall_segment Palisade Wall x1 |
| 14:26 | SlightlySaltedCamelCrisps · wall_segment Palisade Wall x1 |
| 14:58 | SlightlySaltedCamelCrisps · first_market_sell 100 food |
| 15:26 | SlightlySaltedCamelCrisps · wall_segment Palisade Wall x1 |
| 15:30 | SlightlySaltedCamelCrisps · wall_segment Palisade Wall x3 |
| 16:24 | 存在即合理 · age_up castle |
| 16:52 | 阿家 · age_up feudal |
| 17:25 | SlightlySaltedCamelCrisps · wall_segment Palisade Wall x1 |
| 17:27 | 阿家 · first_building Archery Range |
| 17:46 | jimima · age_up castle |
| 17:53 | SlightlySaltedCamelCrisps · age_up castle |
| 18:02 | SlightlySaltedCamelCrisps · first_building Castle |
| 18:07 | SlightlySaltedCamelCrisps · wall_segment Palisade Wall x1 |
| 18:27 | SlightlySaltedCamelCrisps · wall_segment Palisade Wall x1 |
| 18:35 | SlightlySaltedCamelCrisps · first_building Monastery |
| 19:52 | 阿家 · wall_segment Stone Wall x1 |
| 19:58 | 阿家 · wall_segment Stone Wall x5 |
| 20:37 | jimima · first_building Siege Workshop |
| 20:44 | SlightlySaltedCamelCrisps · first_building Siege Workshop |
| 25:57 | SlightlySaltedCamelCrisps · first_market_buy 100 wood |
| 26:01 | 阿家 · age_up castle |
| 26:50 | 存在即合理 · first_building Castle |
| 27:47 | 存在即合理 · first_market_buy 100 food |
| 27:48 | 阿家 · first_market_buy 100 wood |
| 28:05 | 阿家 · first_market_sell 100 food |
| 29:39 | 阿家 · first_building Castle |
| 30:15 | 存在即合理 · first_building Siege Workshop |
| 30:26 | jimima · first_building Castle |
| 35:32 | 阿家 · first_building Siege Workshop |
| 36:51 | 存在即合理 · first_market_sell 500 stone |
| 40:35 | SlightlySaltedCamelCrisps · first_building Barracks |
| 41:21 | 存在即合理 · age_up imperial |
| 45:52 | jimima · age_up imperial |
| 46:51 | SlightlySaltedCamelCrisps · first_building Stable |
| 47:06 | SlightlySaltedCamelCrisps · age_up imperial |
| 51:38 | 阿家 · age_up imperial |
| 51:59 | jimima · first_market_sell 100 wood |
| 54:37 | jimima · tribute_sent a jugador 1 |
| 54:37 | jimima · tribute_sent a jugador 2 |
| 54:37 | jimima · tribute_sent a jugador 3 |
| 56:05 | 存在即合理 · tribute_sent a jugador 1 |
| 56:05 | 存在即合理 · tribute_sent a jugador 2 |
| 56:05 | 存在即合理 · tribute_sent a jugador 4 |
| 56:52 | 存在即合理 · first_building Barracks |
| 63:07 | 存在即合理 · tribute_sent a jugador 1 |
| 63:07 | 存在即合理 · tribute_sent a jugador 2 |
| 63:07 | 存在即合理 · tribute_sent a jugador 4 |
| 64:14 | SlightlySaltedCamelCrisps · resign |
[ AI ANALYSIS · 1 CREDIT ]
What really happened in this match?
Wolo.gg analyzes every decision: build order, eco, micro, common mistakes by bracket. Personalized analysis on WhatsApp or Discord in 30 seconds.
Civ guide
Japanese
Perfil
Jugador #5115630